 Dungeon Crawl Stone Soup version 0.31-a0-981-geadf994542 (webtiles) character file.

Game seed: 15361348684904304613

2501 mattiecakes the Mimic (level 9, 0/69 HPs)
             Began as a Djinni Shapeshifter on Nov 2, 2023.
             Was a Priest of Wu Jian.
             Slain by a wight
             ... wielding a +4 scimitar of freezing
              (4 damage)
             ... on level 7 of the Dungeon.
             The game lasted 00:26:58 (6858 turns).

mattiecakes the Mimic (Djinni Shapeshifter)         Turns: 6858, Time: 00:27:00

Health: 0/69       AC: 14    Str: 18    XL:     9   Next: 82%
Gold:   1433       EV: 10    Int: 17    God:    Wu Jian [***...] SH:  0 Dex: 12

rFire   . .          .
                       - Unarmed
rCold   . . .        (shield currently unavailable)
rNeg    . . .        a - melded +1 animal skin
rPois   ∞            b - melded +0 helmet
rElec   .            k - melded +0 cloak
rCorr   +            e - melded +0 pair of gloves
SInv    .            (boots unavailable)
Will    .....        (no amulet)
Stlth   +            h - ring of resist corrosion
HPRegen 0.31/turn    (no ring)
MPRegen 0.00/turn

%: infuse magic (-1 HP)
@: ice-armoured, snake-form, flying, very slightly contaminated, slowed,
studying Staves, very slow
A: constrict, flying, boosted hp, sickness immunity, large, (fire resistance 2),
(cold vulnerability 1), float, innate caster, HP casting, extra vitality 1
a: Begin Untransformation, Renounce Religion, Wall Jump, Serpent's Lash


You were on level 7 of the Dungeon.
You worshipped Wu Jian.
Wu Jian was most pleased with you.
You were an enormous anaconda.
You visited 2 branches of the dungeon, and saw 8 of its levels.

You collected 1433 gold pieces.

Inventory:

Armour
 a - a +1 animal skin (melded)
 b - a +0 helmet (melded)
 e - a +0 pair of gloves (melded)
 k - a +0 cloak (melded)
Jewellery
 h - a ring of resist corrosion (left hand)
Talismans
 c - a beast talisman
 d - a flux talisman
 n - a serpent talisman (active)
Wands
 j - a wand of paralysis (8)
 r - a wand of roots (5)
Scrolls
 g - 4 scrolls of identify
 i - a scroll of fear
 l - a scroll of teleportation
 p - a scroll of amnesia {unknown}
Potions
 f - a potion of brilliance
 m - 2 potions of curing


   Skills:
 - Level 1.7 Fighting
 - Level 2.1 Dodging
 - Level 4.9 Unarmed Combat
 + Level 10.3 Shapeshifting


You knew the following spells:

 Your Spells              Type           Power      Damage    Failure   Level
a - Sting                 Tmut/Pois      0%         1d3       24%         1
b - Momentum Strike       Conj/Tloc      0%         3d8       34%         2
c - Dazzling Flash        Conj/Hex       0%         N/A       56%         3
d - Ozocubu's Armour      Ice            0%         N/A       56%         3
Your spell library was empty.

Dungeon Overview and Level Annotations

Branches:
Dungeon (7/15)             Temple (1/1) D:5

Altars:
Cheibriados
Elyvilon
Fedhas
Gozag
Hepliaklqana
Makhleb
Nemelex Xobeh
Okawaru
Qazlal
Ru
Trog
Uskayaw
Wu Jian
Xom
Yredelemnul
Zin
The Shining One

Shops:
D:1 ?


Innate Abilities, Weirdness & Mutations

You are an enormous anaconda.
You have a powerful constriction melee attack.
You are flying.
Your maximum health is increased.
Your armour is entirely melded.
You are incapable of wielding weapons or throwing items.
You are immune to sickness and miasma.
You are immune to poison.
((Your flesh is very heat resistant. (rF++)))
((You are vulnerable to cold. (rC-)))
You float through the air rather than walking.
You learn spells naturally, not from books.
Your magical power is your life essence.
You have superior vitality. (+4 MHP)


Message History

You hit the wight.
The wight is heavily damaged.
You constrict the wight. The wight completely misses you.
You hit the wight.
The wight is heavily damaged.
You constrict the wight. The wight hits you with a +0 battleaxe!
* * * LOW HITPOINT WARNING * * *
Unknown command.
You hit the wight.
You destroy the wight!
The Council accepts your kill.
You feel better. The iguana closely misses you.
Unknown command.
You hit the iguana. Your grab misses the iguana.
The iguana is moderately wounded.
The iguana closely misses you.
You hit the iguana but do no damage. You grab the iguana.
The iguana is moderately wounded.
You constrict the iguana, but do no damage.
The iguana barely misses you.
You lash the iguana!
You kill the iguana!
The Council accepts your kill.
You closely miss the wight. Your grab misses the wight.
The wight hits you with a +4 scimitar of freezing.
* * * LOW HITPOINT WARNING * * *
You feel yourself slow down. The wight freezes you.
* * * LOW HITPOINT WARNING * * *
You hit the wight but do no damage. Your grab misses the wight.
The wight hits you with a +4 scimitar of freezing.
* * * LOW HITPOINT WARNING * * *
The wight freezes you.
* * * LOW HITPOINT WARNING * * *
You closely miss the wight. You grab the wight.
You feel yourself speed up.
You constrict the wight, but do no damage.
The wight hits you with a +4 scimitar of freezing!
* * * LOW HITPOINT WARNING * * *
You feel yourself slow down. The wight freezes you.
You die...

##........### .....
#...........# .....
#...........# .z....
#...........###......
#...........#........
#.............#.....
##.#.........z.......
#.####..#######.....
#..Sz...>..##_######
#####.#..###...##
########.#..##.....#
#............#.....#...
#.#.........##.....##..
##...........###...###..
##..#.........##.....##..
#..#.).........#.....##..
##.##..........##"....#...


You could see a wight.

Vanquished Creatures
  A slime creature (D:7)
  A vampire (D:6)
  A vampire mosquito (D:7)
  2 steam dragons (D:7)
  2 water moccasins
  A black bear (D:5)
  2 ogres
  A phantom (D:6)
  A centaur (D:6)
  2 kobold brigands (D:7)
  3 scorpions
  2 wights (D:7)
  A howler monkey (D:3)
  A gnoll bouda (D:5)
  5 hounds
  2 jellies
  4 iguanas
  2 orc priests
  A sleepcap (D:5)
  3 orc wizards
  4 gnolls (D:5)
  9 adders
  A worm (D:2)
  13 orcs
  7 ball pythons
  5 endoplasms
  4 giant cockroaches
  8 hobgoblins
  10 jackals (D:3)
  6 kobolds
  2 quokkas
  4 bats
  3 frilled lizards
  4 goblins
  11 rats
129 creatures vanquished.

Notes
Turn   | Place    | Note
-------+----------+-------------------------------------------
     0 | D:1      | mattiecakes the Djinni Shapeshifter began the quest for the
                  | Orb.
     0 | D:1      | Reached XP level 1. HP: 17/17 MP: 0/0
   174 | D:1      | Found Onlum's Magic Scroll Shoppe.
   209 | D:1      | Reached XP level 2. HP: 21/22 MP: 0/0
   348 | D:1      | Reached skill level 3 in Shapeshifting
   829 | D:2      | Reached XP level 3. HP: 24/28 MP: 0/0
   829 | D:2      | Learned a level 1 spell: Sting
   955 | D:2      | Found a faded altar of an unknown god.
  1043 | D:2      | Prayed at the altar of an unknown god.
  1043 | D:2      | Became a worshipper of the Wu Jian Council
  1043 | D:2      | Reached * piety under Wu Jian
  1151 | D:2      | HP: 1/28 [goblin/+0 club (2)]
  1158 | D:2      | Reached XP level 4. HP: 25/33 MP: 0/0
  1835 | D:3      | Noticed an ogre
  1837 | D:3      | Reached ** piety under Wu Jian
  1848 | D:3      | Killed an ogre
  1849 | D:3      | Reached skill level 4 in Shapeshifting
  1849 | D:3      | Reached XP level 5. HP: 35/38 MP: 0/0
  1849 | D:3      | Learned a level 2 spell: Momentum Strike
  1967 | D:3      | Reached XP level 6. HP: 27/43 MP: 0/0
  3088 | D:4      | Reached skill level 5 in Shapeshifting
  3088 | D:4      | Reached XP level 7. HP: 19/48 MP: 0/0
  3088 | D:4      | Learned a level 3 spell: Dazzling Flash
  3164 | D:5      | Entered Level 5 of the Dungeon
  3190 | D:5      | Noticed a water moccasin
  3195 | D:5      | Killed a water moccasin
  3217 | D:5      | Found a staircase to the Ecumenical Temple.
  3267 | Temple   | Entered the Ecumenical Temple
  3327 | D:5      | Reached skill level 6 in Shapeshifting
  3369 | D:5      | Reached *** piety under Wu Jian
  3801 | D:5      | Reached XP level 8. HP: 40/53 MP: 0/0
  3825 | D:5      | Found a glowing golden altar of the Shining One.
  4447 | D:6      | Reached skill level 7 in Shapeshifting
  4777 | D:6      | Found an ornate altar of the Wu Jian Council.
  4891 | D:6      | Noticed a vampire
  4901 | D:6      | Killed a vampire
  4902 | D:6      | Reached skill level 8 in Shapeshifting
  5419 | D:6      | Reached XP level 9. HP: 58/58 MP: 0/0
  5419 | D:6      | Learned a level 3 spell: Ozocubu's Armour
  5773 | D:4      | Identified a scroll of acquirement
  5773 | D:4      | Acquired 1012 gold pieces
  6020 | D:7      | Reached skill level 9 in Shapeshifting
  6139 | D:7      | Found the amulet of Elemental Vulnerability {rPois rF--
                  | rC-- AC+8}
  6480 | D:7      | Found an opulent altar of Gozag.
  6517 | D:7      | Reached skill level 10 in Shapeshifting
  6858 | D:7      | Slain by a wight

Illustrated notes

Levels and vault maps discovered:
D:1:      onia_arrival_handbag, layout_basic, serial_glass, glass_columns_c,
          glass_columns_b, serial_shops, shop, chequers_decorated_corner
D:2:      layout_basic, hellmonk_ecumenical_altar_crossroads
D:3:      layout_loops_corners, kennysheep_generic_room_8
D:4:      layout_rooms, minmay_misc_feat_encased
D:5:      layout_basic, tso_metal_star, minmay_temple_entry_arrows
D:6:      layout_loops_cross, nicolae_wu_jian_glorious_leap
D:7:      nicolae_BIG_FREAKIN_CUBE, layout_basic, marbit_many_paths,
          minmay_manual_moon
Temple:   sentei_temple_godly_chess

Skill      XL: |  1  2  3  4  5  6  7  8  9 |
---------------+----------------------------+-----
Shapeshifting  | 3 4 5 6 8 10 | 10.3
Unarmed Combat | 4 |  4.9
Fighting       | |  1.7
Dodging        | |  2.1

Action                     |  1- 3 |  4- 6 |  7- 9 || total
---------------------------+-------+-------+-------++-------
  Melee: Unarmed           |    78 |   135 |   198 ||   411
         Punch             |     2 |     3 |       ||     5
         Constrict         |       |     3 |    34 ||    37
   Cast: Dazzling Flash    |       |       |     1 ||     1
         Ozocubu's Armour  |       |       |     1 ||     1
Ability: Lunge             |     3 |    12 |    16 ||    31
         Whirlwind         |     3 |     1 |     2 ||     6
    Use: Potion            |     2 |     1 |     6 ||     9
         Scroll            |       |     4 |     4 ||     8
   Stab: Sleeping          |     3 |     2 |     2 ||     7
 Armour: Animal skin       |    35 |    53 |       ||    88
         Skin              |     7 |     6 |   150 ||   163
  Dodge: Dodged            |    46 |    79 |    88 ||   213
   Form: Beast             |       |     4 |       ||     4
                           |       |     3 |     1 ||     4
         Anaconda          |       |     1 |     1 ||     2

Table legend: (Time is in decaauts)
 A = Elapsed time spent in this place.
 B = Non-inter-level travel time spent in this place.
 C = Inter-level travel time spent in this place.
 D = Time resting spent in this place.
 E = Time spent auto-exploring this place.
 F = Levels seen in this place.
 G = Mean time per level.
                   A        B        C        D        E       F      G
               +--------+--------+--------+--------+--------+-----+--------+
         Total |   6835 |   6527 |    308 |   1172 |   4329 |   8 |  854.4 |
       Dungeon |   6796 |   6488 |    308 |   1172 |   4329 |   7 |  970.9 |
        Temple |     38 |     38 |      0 |      0 |      0 |   1 |   38.0 |
               +--------+--------+--------+--------+--------+-----+--------+

Top non-repeatable levels by time:
     D:6: 1300 daAuts
     D:3: 1277 daAuts
     D:5: 1253 daAuts
     D:7: 1016 daAuts
     D:1: 779 daAuts
     D:2: 620 daAuts
     D:4: 548 daAuts
  Temple: 38 daAuts
